AoeStats
← termineitor548

Arabia

503302778Analyzed
2v2 RM · 1mo ago on Aug 31, 2026· 32m 13s· 4 players
Game mode
Random Map
Map size
Medium (4 player)
Population
200
Speed
Normal
Resources
Standard
Victory
Conquest
Starting age
Dark Age
Ending age
Imperial Age
RankedLock teamsTeams togetherTeam positionsShared explorationLock speedFull tech treeHidden civsTurbo modeCheats
Victory
Defeat
🇦🇷 Poles · Argentina
1021
+21
🇦🇷 Mongols · Argentina
988
+22
🇨🇱 Magyars · Chile
1177
-23
🇩🇪 Armenians · Germany
1091
-20
TopicKilleR
2:43 Loom
11:19 Feudal Age
13:25 Man-at-Arms
15:02 Long Swordsman
16:49 Arson
21:13 Horse Collar
21:21 Double-Bit Axe
26:37 Castle Age
24:34 Gold Mining
24:36 Stone Mining
25:14 Fletching
33:12 Imperial Age
30:39 Pikeman
31:20 Squires
rodrigolaramol96
7:01 Loom
9:49 Feudal Age
11:54 Horse Collar
14:43 Wheelbarrow
14:17 Double-Bit Axe
16:03 Gold Mining
17:51 Bloodlines
22:38 Castle Age
21:23 Scale Barding Armor
21:24 Fletching
22:06 Padded Archer Armor
22:52 Stone Mining
23:37 Scale Mail Armor
24:34 Husbandry
25:48 Bow Saw
25:23 Light Cavalry
26:52 Gold Shaft Mining
ThePurifier
0:27 Loom
9:32 Feudal Age
10:06 Double-Bit Axe
19:28 Castle Age
17:54 Scale Barding Armor
18:00 Gold Mining
19:23 Wheelbarrow
20:33 Chain Barding Armor
20:25 Forging
20:45 Bloodlines
21:11 Husbandry
28:35 Iron Casting
32:59 Hand Cart
termineitor548
1:03 Loom
11:32 Feudal Age
12:59 Double-Bit Axe
18:23 Fletching
19:08 Padded Archer Armor
24:44 Castle Age
24:19 Horse Collar
25:34 Bloodlines
29:25 Scale Barding Armor
29:31 Forging
30:33 Chain Barding Armor
Connection lost

Rejoining the realm…

Still unreachable

The connection could not be restored.

Session expired

The server has moved on; the page needs a fresh start.